 Dungeon Crawl Stone Soup version 0.22-a0-619-ga0c6fd2 (webtiles) character file.

2 twist the Charmwright (level 1, -1/11 HPs)
             Began as a Vine Stalker Skald on July 14, 2018.
             Slain by a kobold
             ... wielding a +2 whip of venom
              (5 damage)
             ... on level 1 of the Dungeon.
             The game lasted 00:00:23 (64 turns).

twist the Charmwright (Vine Stalker Skald)            Turns: 64, Time: 00:00:24

Health: -1/11      AC:  3    Str: 13    XL:     1   Next: 40%
Magic:  0/4        EV: 11    Int: 13    God:
Gold:   0          SH:  0    Dex: 13    Spells: 3/4 levels left

rFire    . . .     SeeInvis .   a - +0 short sword
rCold    . . .     Gourm    .   (no shield)
rNeg     . . .     Faith    .   b - +0 leather armour
rPois    .         Spirit   +   (no helmet)
rElec    .         Reflect  .   (no cloak)
rCorr    .         Harm     .   (no gloves)
MR       .....                  (no boots)
Stlth    +.........             (no amulet)
HPRegen  0.03/turn              (no ring)
MPRegen  0.09/turn              (no ring)

@: infused
A: fangs 2, magic shield, antimagic bite, no potion heal 3, rot immunity
a: no special abilities


You were on level 1 of the Dungeon.
You were not hungry.

You visited 1 branch of the dungeon, and saw 1 of its levels.

Inventory:

Hand Weapons
 a - a +0 short sword (weapon)
Armour
 b - a +0 leather armour (worn)
Potions
 c - a potion of flight {unknown}
Comestibles
 d - a ration


   Skills:
 + Level 1.8 Fighting
 * Level 1.8 Short Blades
 - Level 0.7 Armour
 + Level 1.5 Dodging
 + Level 0.2 Stealth
 + Level 2.2 Spellcasting
 + Level 3.0 Charms


You had 3 spell levels left.
You knew the following spells:

 Your Spells              Type           Power        Failure   Level  Hunger
a - Infusion              Chrm           #...         9%          1    ##.....

Your spell library contained the following spells:

 Spells                   Type           Power        Failure   Level  Hunger
 Regeneration             Chrm/Necr      #.........   45%         3    ####...
 Shroud of Golubria       Chrm/Tloc      #.........   26%         2    ###....
 Song of Slaying          Chrm           #.......     14%         2    ###....
 Spectral Weapon          Hex/Chrm       #.......     45%         3    ####...


Dungeon Overview and Level Annotations

Branches:
Dungeon (1/15)

Altars:


Innate Abilities, Weirdness & Mutations

You have extremely sharp teeth.
When hurt, damage is shared between your health and your magic reserves.
Your bite disrupts and absorbs the magic of your enemies.
Potions cannot restore your health.
You are immune to rotting.


Message History

You hit the bat!
You kill the bat!
The kobold throws a stone.
The stone hits you but does no damage.
The kobold hits you with a whip of venom.
You see here a bat corpse.
You closely miss the kobold. Your bite misses the kobold.
The kobold hits you with a whip of venom.
The kobold throws a stone.
The stone hits you but does no damage.
You see here a stone.
The kobold throws a stone.
The stone hits you but does no damage.
You see here a stone.
The kobold throws a stone.
The stone hits you.
You see here a stone.
The kobold throws a stone.
The stone closely misses you.
You see here a stone.
You see here a stone.
The hobgoblin shouts!
You barely miss the kobold. Your bite misses the kobold.
The kobold hits you with a whip of venom.
You die...

#.# #.# #.# #.# #.# #.# #
#####.#######
#.###.########...........#
#.....g†(sK@((###.###.#.#
..##...######### #.###.#'#
....... #.#...#.# .###..K
#######'#### #...
#........... #.#.
#.########## .... .......#
#.... #.#######. #.......#


You could see a giant cockroach, a hobgoblin and a kobold.

Vanquished Creatures
  3 bats (D:1)
3 creatures vanquished.

Notes
Turn   | Place    | Note
-------+----------+-------------------------------------------
     0 | D:1      | twist the Vine Stalker Skald began the quest for the Orb.
     0 | D:1      | Reached XP level 1. HP: 11/11 MP: 4/4
    64 | D:1      | Slain by a kobold

Vault maps used:
D:1:      matt_arrival_los_fun, hangedman_abyss_or_decor_stabs,
          hangedman_decor_lopped

Action                   || total
-------------------------++-------
Melee: Short sword       ||     9
       Bite              ||     3
 Cast: Infusion          ||     1
Armor: Leather armour    ||    13
Dodge: Dodged            ||     9

Table legend:
 A = Spawn XP
 B = Non-spawn XP
 C = Spawn XP percentage of total XP
 D = Spawn monster count
 E = Non-spawn monster count
 F = Spawn count percentage of total count
 G = Total turns spent on level
                    A         B        C        D         E        F      G
               +---------+---------+-------+---------+---------+-------+---------
         Total |       0 |       4 |   0.0 |       0 |       3 |   0.0 |    64
               +---------+---------+-------+---------+---------+-------+---------
           D:1 |       0 |       4 |   0.0 |       0 |       3 |   0.0 |    64
               +---------+---------+-------+---------+---------+-------+---------
